 Dungeon Crawl Stone Soup version 0.28.0-53-g5a82cb258f (webtiles) character file.

Game seed: 11677616792967617846

192 Zeld the Ducker (level 5, -2/47 HPs)
             Began as a Gnoll Monk on May 24, 2022.
             Slain by a goblin
             ... wielding a +0 club
             ... led by Robin
              (3 damage)
             ... on level 2 of the Dungeon.
             The game lasted 00:01:34 (1164 turns).

Zeld the Ducker (Gnoll Monk)                        Turns: 1164, Time: 00:01:35

Health: -2/47      AC:  3    Str: 13    XL:     5   Next: 71%
Magic:  7/7        EV: 15    Int:  9    God:
Gold:   39         SH:  0    Dex: 14    Spells: 7/7 levels left

rFire   . . .      SeeInvis .   a - +2 mace (vorpal)
rCold   . . .      Faith    .   (no shield)
rNeg    . . .      Spirit   .   b - +0 robe
rPois   .          Reflect  .   (no helmet)
rElec   .          Harm     .   l - +0 cloak
rCorr   .          Rampage  .   (no gloves)
Will    .....                   (no boots)
Stlth   +++.......              (no amulet)
HPRegen 0.15/turn               (no ring)
MPRegen 0.10/turn               (no ring)

@: no status effects
A: fangs 1, strong nose, distributed training
a: no special abilities


You were on level 2 of the Dungeon.
You visited 1 branch of the dungeon, and saw 2 of its levels.

You collected 39 gold pieces.

Inventory:

Hand Weapons
 a - a +2 vorpal mace (weapon)
Armour
 b - a +0 robe (worn)
 l - a +0 cloak (worn)
Scrolls
 c - 4 scrolls of identify {unknown}
 d - 3 scrolls of teleportation {unknown}
 e - a scroll of vulnerability {unknown}
 i - a scroll of magic mapping {unknown}
Potions
 f - a potion of degeneration {unknown}
 g - a potion of attraction {unknown}
 h - a potion of lignification {unknown}
 j - a potion of might {unknown}
 k - a potion of brilliance {unknown}


   Skills:
 + Level 6.7 Fighting
 + Level 1.6 Short Blades
 + Level 1.6 Long Blades
 + Level 1.6 Axes
 + Level 6.7 Maces & Flails
 + Level 1.6 Polearms
 + Level 1.6 Staves
 + Level 1.6 Slings
 + Level 1.6 Bows
 + Level 1.6 Crossbows
 + Level 1.6 Throwing
 + Level 1.6 Armour
 + Level 6.7 Dodging
 + Level 4.4 Stealth
 + Level 1.6 Shields
 + Level 1.6 Unarmed Combat
 + Level 1.6 Spellcasting
 + Level 1.2 Conjurations
 + Level 1.2 Hexes
 + Level 1.2 Summonings
 + Level 1.2 Necromancy
 + Level 1.2 Translocations
 + Level 1.2 Transmutations
 + Level 1.2 Fire Magic
 + Level 1.2 Ice Magic
 + Level 1.2 Air Magic
 + Level 1.2 Earth Magic
 + Level 1.2 Poison Magic
 + Level 1.8 Invocations
 + Level 1.6 Evocations


You had 7 spell levels left.
You didn't know any spells.
Your spell library was empty.

Dungeon Overview and Level Annotations

Branches:
Dungeon (2/15)

Altars:

Annotations:
D:2 Robin


Innate Abilities, Weirdness & Mutations

You have very sharp teeth.
Your uncanny sense of smell can sniff out nearby items.
Your experience applies equally to all skills.


Message History

The hobgoblin is almost dead.
A goblin comes into view. It is wielding a +0 dagger.
The hobgoblin hits you. The goblin hits you but does no damage.
Robin throws the goblin at you! The goblin barely misses you. x3
You sock the hobgoblin!
You kill the hobgoblin!
The goblin hits you with a +0 club. The goblin barely misses you.
The goblin misses you. The goblin hits you with a +0 club.
You are too injured to fight recklessly!
You are too injured to fight recklessly!
You sock the goblin!
You kill the goblin!
Robin throws the goblin at you! The goblin hits you with a +0 club.
The goblin closely misses you.
A hobgoblin comes into view.
The goblin hits you with a +0 club.
* * * LOW HITPOINT WARNING * * *
The goblin hits you with a +0 club.
* * * LOW HITPOINT WARNING * * *
You barely miss the goblin. The hobgoblin closely misses you.
The goblin misses you. The goblin hits you with a +0 club.
* * * LOW HITPOINT WARNING * * *
The goblin barely misses you. The goblin misses you.
Unknown command.
You barely miss the goblin.
The hobgoblin shouts!
Your bite misses the goblin. The hobgoblin closely misses you.
The goblin closely misses you. The goblin hits you with a +0 club.
* * * LOW HITPOINT WARNING * * *
The goblin closely misses you. The goblin hits you with a +0 club.
* * * LOW HITPOINT WARNING * * *
Unknown command.
You hit the goblin.
You kill the goblin!
Robin throws the goblin at you!
* * * LOW HITPOINT WARNING * * *
The goblin barely misses you. The hobgoblin misses you. The goblin misses you.
The goblin barely misses you. The goblin hits you but does no damage.
The goblin barely misses you. The goblin hits you with a +0 club.
You die...

#..###..####.# #.......#
#.# #######..#.##.# #.#
#........>...†####.#
#.#.............##.#
#.....†.......#.##.#
###.###..#.##.#.##.###
#.###.###..#.##.#.......
...g.gg@g..#.##.####.##.
.####gggg#.#.##.####.##.
####.#.#.........##.
#.#.####.#######. #.#.#
#.# #. ########...# #.#
#. #####.......P... ..#
.. #..)........... ###
.# #.#


You could see Robin, 2 hobgoblins and 5 goblins.

Vanquished Creatures
  Sigmund (D:2)
  An adder (D:2)
  An adder zombie (D:2)
  A worm (D:2)
  A dart slug (D:1)
  3 bats
  A bat skeleton (D:2)
  An endoplasm (D:2)
  A giant cockroach (D:1)
  5 goblins
  A hobgoblin (D:2)
  2 ball pythons (D:1)
  A frilled lizard (D:1)
  A kobold (D:2)
  3 rats
24 creatures vanquished.

Notes
Turn   | Place    | Note
-------+----------+-------------------------------------------
     0 | D:1      | Zeld the Gnoll Monk began the quest for the Orb.
     0 | D:1      | Reached XP level 1. HP: 23/23 MP: 1/1
   222 | D:1      | Reached XP level 2. HP: 27/29 MP: 2/2
   661 | D:2      | Noticed Sigmund
   673 | D:2      | Killed Sigmund
   674 | D:2      | Reached skill level 1 in Short Blades
   674 | D:2      | Reached skill level 1 in Long Blades
   674 | D:2      | Reached skill level 1 in Axes
   674 | D:2      | Reached skill level 1 in Polearms
   674 | D:2      | Reached skill level 1 in Staves
   674 | D:2      | Reached skill level 1 in Slings
   674 | D:2      | Reached skill level 1 in Bows
   674 | D:2      | Reached skill level 1 in Crossbows
   674 | D:2      | Reached skill level 1 in Throwing
   674 | D:2      | Reached skill level 1 in Armour
   674 | D:2      | Reached skill level 1 in Shields
   674 | D:2      | Reached skill level 1 in Unarmed Combat
   674 | D:2      | Reached skill level 1 in Spellcasting
   674 | D:2      | Reached skill level 1 in Conjurations
   674 | D:2      | Reached skill level 1 in Hexes
   674 | D:2      | Reached skill level 1 in Summonings
   674 | D:2      | Reached skill level 1 in Necromancy
   674 | D:2      | Reached skill level 1 in Translocations
   674 | D:2      | Reached skill level 1 in Transmutations
   674 | D:2      | Reached skill level 1 in Fire Magic
   674 | D:2      | Reached skill level 1 in Ice Magic
   674 | D:2      | Reached skill level 1 in Air Magic
   674 | D:2      | Reached skill level 1 in Earth Magic
   674 | D:2      | Reached skill level 1 in Poison Magic
   674 | D:2      | Reached skill level 1 in Invocations
   674 | D:2      | Reached skill level 1 in Evocations
   674 | D:2      | Reached XP level 3. HP: 13/35 MP: 2/5
   674 | D:2      | Reached XP level 4. HP: 15/41 MP: 2/6
   674 | D:2      | Reached XP level 5. HP: 17/47 MP: 2/7
  1152 | D:2      | Noticed Robin
  1164 | D:2      | HP: 1/47 [Robin/goblin (3)]
  1164 | D:2      | Slain by a goblin

Illustrated notes

Levels and vault maps discovered:
D:1:      evilmike_arrival_plus, layout_rooms
D:2:      layout_loops_ring, chequers_ecumenical_altar_twisty, serial_undead,
          serial_undead_e, serial_undead_f, serial_undead_a, serial_undead_d,
          uniq_sigmund, uniq_robin

Skill      XL: |  1  2 |
---------------+-------+-----
Short Blades   | 1 |  1.6
Long Blades    | 1 |  1.6
Axes           | 1 |  1.6
Polearms       | 1 |  1.6
Staves         | 1 |  1.6
Slings         | 1 |  1.6
Bows           | 1 |  1.6
Crossbows      | 1 |  1.6
Throwing       | 1 |  1.6
Armour         | 1 |  1.6
Shields        | 1 |  1.6
Unarmed Combat | 1 |  1.6
Spellcasting   | 1 |  1.6
Conjurations   | 1 |  1.2
Hexes          | 1 |  1.2
Summonings     | 1 |  1.2
Necromancy     | 1 |  1.2
Translocations | 1 |  1.2
Transmutations | 1 |  1.2
Fire Magic     | 1 |  1.2
Ice Magic      | 1 |  1.2
Air Magic      | 1 |  1.2
Earth Magic    | 1 |  1.2
Poison Magic   | 1 |  1.2
Invocations    | 1 |  1.8
Evocations     | 1 |  1.6
Fighting       | |  6.7
Maces & Flails | |  6.7
Dodging        | |  6.7
Stealth        | |  4.4

Action                   |  1- 3 |  4- 6 || total
-------------------------+-------+-------++-------
Melee: Mace              |    28 |    31 ||    59
       Bite              |     5 |     3 ||     8
 Stab: Sleeping          |     3 |     2 ||     5
Armor: Robe              |     3 |    10 ||    13
Dodge: Dodged            |    18 |    40 ||    58
